Senators vs Atomiques
Created - 9 mars 2017 at 19:12
Goals
|
Senators |
0 |
0 |
3 |
3 |
Atomiques |
0 |
3 |
2 |
5 |
|
Shots
|
Senators |
4 |
9 |
13 |
26 |
Atomiques |
4 |
17 |
13 |
34 |
|
1st period
No Goal
Penalties :
Shawn Belle (STB) for Slashing (Minor) at 16:00
2nd period
1. Atomiques , Tyler Brenner 26 (Kenndal McArdle, Shawn Belle) at 5:19
2. Atomiques , Brett Sutter 12 (John McCarthy, Andrew Kozek) at 6:08
3. Atomiques , Mikael Backlund 32 (Shawn Belle, Dwight King) at 9:16 (PP)
Penalties :
Ryan Dzingel (BIN) for Hooking (Minor) at 7:36
3rd period
4. Senators , Jaden Schwartz 18 (Tommy Wingels, Stanislav Chistov) at 4:55
5. Atomiques , Alex Berry 16 (Marc-André Cliche) at 5:12
6. Atomiques , Alex Berry 17 (Kyle Wharton, Andrew Kozek) at 6:10
7. Senators , Gabriel Bourque 20 (Mark Olver, Patrick Wey) at 9:48
8. Senators , Jack Skille 14 (Gabriel Bourque, Mark Olver) at 11:13
Penalties :
Ryan Hegarty (BIN) for Roughing (Minor) at 2:45, Logan Stephenson (BIN) for High sticking (Minor) at 6:15, Dwight King (STB) for Cross-checking (Minor) at 11:35, Jack Skille (BIN) for Hooking (Minor) at 17:55
Goalie Stats
Marc Denis (BIN), 29 saves from 34 shots - (0,853), L, 15-17-1, 60:00 minutes
Sergei Bobrovsky (STB), 23 saves from 26 shots - (0,885), W, 25-21-4, 60:00 minutes
Players Stats for Senators
Player Name G A P +/- PIM S H SB GA TA FO MP PP MP PK MP
------------------------------------------------------------------------------------
Cody Hodgson 0 0 0 -2 0 2 0 0 0 2 12/29 22:35 1:53 4:20
Gabriel Bourque 1 1 2 2 0 5 5 0 0 0 0/0 16:36 1:55 0:00
Jack Skille 1 0 1 2 2 3 1 1 0 0 0/0 18:18 1:55 1:45
Jaden Schwartz 1 0 1 0 0 2 1 1 0 0 0/0 10:54 0:10 0:00
Logan Stephenson 0 0 0 -1 2 1 1 1 0 0 0/0 26:09 2:13 3:09
Mark Olver 0 2 2 2 0 3 2 0 0 1 8/12 16:25 1:55 0:00
Martin Marincin 0 0 0 0 0 1 0 0 0 1 0/0 21:14 1:45 3:04
Matt Frattin 0 0 0 0 0 0 0 0 0 0 0/0 11:43 0:00 1:12
Milan Jurcina 0 0 0 -1 0 1 0 3 0 1 0/0 26:42 2:13 4:33
Nick Bjugstad 0 0 0 -1 0 0 0 0 0 1 0/2 7:15 0:00 0:09
Nicolas Deslauriers 0 0 0 0 0 0 0 1 0 0 0/0 4:12 0:00 0:00
Patrick Wey 0 1 1 0 0 0 0 1 0 1 0/0 24:41 1:45 3:04
Ryan Dzingel 0 0 0 -1 2 0 0 0 0 0 0/0 8:09 0:00 1:02
Ryan Hegarty 0 0 0 0 2 0 1 0 0 1 0/0 12:48 0:00 1:24
Sergei Kostitsyn 0 0 0 -2 0 4 0 3 0 1 4/7 22:47 2:03 4:20
Stanislav Chistov 0 1 1 -2 0 3 3 0 0 0 2/4 20:10 2:03 2:26
Tomas Jurco 0 0 0 -1 0 0 0 0 0 0 0/0 8:03 0:00 0:00
Tommy Wingels 0 1 1 0 0 1 3 0 0 0 3/4 10:42 0:00 0:00
Players Stats for Atomiques
Player Name G A P +/- PIM S H SB GA TA FO MP PP MP PK MP
------------------------------------------------------------------------------------
Alex Berry 2 0 2 1 0 4 1 0 1 0 0/0 11:09 0:02 0:00
Andrew Kozek 0 2 2 1 0 1 0 0 0 0 0/0 12:28 0:02 1:06
Anthony Nigro 0 0 0 0 0 0 0 0 0 0 0/0 0:00 0:00 0:00
Bobby Farnham 0 0 0 1 0 0 2 0 0 0 0/0 6:19 0:00 0:00
Branko Radivojevic 0 0 0 0 0 2 0 1 0 0 3/4 21:29 4:29 1:49
Brett Sutter 1 0 1 1 0 2 4 0 0 0 1/1 9:13 0:00 1:24
Colby Cohen 0 0 0 0 0 1 0 1 0 0 0/0 10:37 0:00 0:00
Darren Kramer 0 0 0 0 0 0 0 0 0 0 0/0 0:38 0:00 0:00
Davis Drewiske 0 0 0 0 0 2 0 1 2 0 0/0 26:43 4:20 1:56
Dmitri Orlov 0 0 0 0 0 0 0 0 1 0 0/0 11:09 0:00 0:43
Dwight King 0 1 1 0 2 4 3 0 0 0 1/3 21:10 4:29 0:29
Eric Mestery 0 0 0 0 0 0 0 0 0 0 0/0 0:00 0:00 0:00
Freddie Hamilton 0 0 0 0 0 0 0 0 0 0 0/0 0:00 0:00 0:00
Fredrik Claesson 0 0 0 0 0 0 0 0 0 0 0/0 1:04 0:00 0:00
John McCarthy 0 1 1 1 0 1 0 0 0 0 0/0 6:19 0:00 0:00
Kenndal McArdle 0 1 1 -1 0 1 2 2 0 0 0/0 17:37 3:06 0:00
Kyle Wharton 0 1 1 1 0 0 0 1 0 0 0/0 21:47 3:17 2:02
Mac Bennett 0 0 0 0 0 0 0 0 0 0 0/0 1:49 0:00 0:15
Marc-André Cliche 0 1 1 1 0 2 3 0 0 0 2/6 10:59 0:02 0:00
Mikael Backlund 1 0 1 0 0 3 1 1 3 0 16/33 22:26 4:29 2:16
Mitch Callahan 0 0 0 0 0 0 0 0 0 0 0/0 0:00 0:00 0:00
Roman Polak 0 0 0 1 0 1 0 0 1 0 0/0 20:51 3:17 1:47
Ryan Shannon 0 0 0 -1 0 3 1 0 0 0 1/1 17:38 3:06 0:00
Shawn Belle 0 2 2 0 2 3 1 1 1 0 0/0 26:05 4:20 1:13
Tyler Brenner 1 0 1 -1 0 4 0 0 0 0 5/10 18:30 3:06 0:52
3 Stars
1 - Gabriel Bourque (BIN)
2 - Alex Berry (STB)
3 - Brett Sutter (STB)
Power Play
Senators - 0 on 2 Attempt(s) - 0,00%
Atomiques - 1 on 4 Attempt(s) - 25,00%
Penalty Kill
Senators - 3 on 4 Attempt(s) - 75,00%
- Score 0 goal in Penalty Kill
Atomiques - 2 on 2 Attempt(s) - 100,00%
- Score 0 goal in Penalty Kill
Team Stat
Senators - Hits : 17 - Faceoff Wins : 29 - Blocked Shots : 11 - Penalty Minutes : 8
Atomiques - Hits : 18 - Faceoff Wins : 29 - Blocked Shots : 8 - Penalty Minutes : 4
Official
Referees : O'Rourke Dan and Rooney Chris
Linesman : Jay Sharrers and Steve Barton
Game Notes
Nicolas Deslauriers is injured at 18:48 of 1st period (Sprained Right Ankle)
Finance
Level 1 -- Attendance: 1359 (67,95%) -- Ticket Income 47 565 $
Level 2 -- Attendance: 773 (77,30%) -- Ticket Income 11 595 $
Total Attendance: 2132 (71,07%)
Total Ticket Income: 59 160 $
Other Income: 2 958 $
Total Income: 62 118 $
Senators
5 vs 5 Forward
Center Left Wing Right Wing Time % Phy DF OF
1 Cody Hodgson Sergei Kostitsyn Stanislav Chistov 40 1 2 2
2 Mark Olver Gabriel Bourque Jack Skille 30 1 2 2
3 Tommy Wingels Jaden Schwartz Matt Frattin 20 1 2 2
4 Nick Bjugstad Ryan Dzingel Tomas Jurco 10 1 2 2
5 vs 5 Defense
Defense Defense Time % Phy DF OF
1 Milan Jurcina Logan Stephenson 40 1 2 2
2 Patrick Wey Martin Marincin 30 1 2 2
3 Nicolas Deslauriers Ryan Hegarty 20 1 2 2
4 Milan Jurcina Logan Stephenson 10 1 2 2
PowerPlay Forward
Center Left Wing Right Wing Time % Phy DF OF
1 Cody Hodgson Sergei Kostitsyn Stanislav Chistov 60 0 2 3
2 Mark Olver Gabriel Bourque Jack Skille 40 0 2 3
PowerPlay Defense
Defense Defense Time % Phy DF OF
1 Milan Jurcina Logan Stephenson 60 0 2 3
2 Patrick Wey Martin Marincin 40 0 2 3
Penalty Kill 4 Players Forward
Center Wing Time % Phy DF OF
1 Sergei Kostitsyn Cody Hodgson 60 1 2 2
2 Stanislav Chistov Jack Skille 40 1 2 2
Penalty Kill 4 Players Defense
Defense Defense Time % Phy DF OF
1 Milan Jurcina Logan Stephenson 60 1 2 2
2 Patrick Wey Martin Marincin 40 1 2 2
Penalty Kill - 3 Players Forward
Forward Time % Phy DF OF
1 Sergei Kostitsyn 60 1 2 2
2 Cody Hodgson 40 1 2 2
Penalty Kill - 3 Players Defense
Defense Defense Time % Phy DF OF
1 Milan Jurcina Logan Stephenson 60 1 2 2
2 Patrick Wey Martin Marincin 40 1 2 2
4 vs 4 Forward
Center Wing Time % Phy DF OF
1 Sergei Kostitsyn Cody Hodgson 60 1 2 2
2 Stanislav Chistov Jack Skille 40 1 2 2
4 vs 4 Defense
Defense Defense Time % Phy DF OF
1 Milan Jurcina Logan Stephenson 60 1 2 2
2 Patrick Wey Martin Marincin 40 1 2 2
Last Minutes Offensive
Center Left Wing Right Wing Defense Defense
Cody Hodgson Sergei Kostitsyn Stanislav Chistov Milan Jurcina Logan Stephenson
Last Minutes Defensive
Center Left Wing Right Wing Defense Defense
Cody Hodgson Sergei Kostitsyn Stanislav Chistov Milan Jurcina Logan Stephenson
Goaltenders
Starting : Marc Denis
Backup : Jeff Frazee
Extra Forwards
Normal : Jaden Schwartz, Tommy Wingels, Matt Frattin - PP : Jaden Schwartz, Tommy Wingels - PK : Matt Frattin
Extra Defensemen
Normal : Nicolas Deslauriers, Ryan Hegarty, Patrick Wey - PP : Nicolas Deslauriers - PK : Ryan Hegarty, Patrick Wey
Penalty Shots
Sergei Kostitsyn, Cody Hodgson, Stanislav Chistov, Jack Skille, Gabriel Bourque
Atomiques
5 vs 5 Forward
Center Left Wing Right Wing Time % Phy DF OF
1 Mikael Backlund Dwight King Branko Radivojevic 40 1 2 2
2 Tyler Brenner Kenndal McArdle Ryan Shannon 30 1 2 2
3 Marc-André Cliche Andrew Kozek Alex Berry 20 1 2 2
4 Brett Sutter John McCarthy Bobby Farnham 10 1 2 2
5 vs 5 Defense
Defense Defense Time % Phy DF OF
1 Shawn Belle Davis Drewiske 40 1 2 2
2 Kyle Wharton Roman Polak 30 1 2 2
3 Colby Cohen Dmitri Orlov 20 1 2 2
4 Shawn Belle Davis Drewiske 10 1 2 2
PowerPlay Forward
Center Left Wing Right Wing Time % Phy DF OF
1 Mikael Backlund Dwight King Branko Radivojevic 60 1 2 2
2 Tyler Brenner Kenndal McArdle Ryan Shannon 40 1 2 2
PowerPlay Defense
Defense Defense Time % Phy DF OF
1 Shawn Belle Davis Drewiske 60 1 2 2
2 Kyle Wharton Roman Polak 40 1 2 2
Penalty Kill 4 Players Forward
Center Wing Time % Phy DF OF
1 Branko Radivojevic Mikael Backlund 60 1 2 2
2 Tyler Brenner Dwight King 40 1 2 2
Penalty Kill 4 Players Defense
Defense Defense Time % Phy DF OF
1 Shawn Belle Davis Drewiske 60 1 2 2
2 Kyle Wharton Roman Polak 40 1 2 2
Penalty Kill - 3 Players Forward
Forward Time % Phy DF OF
1 Branko Radivojevic 60 1 2 2
2 Mikael Backlund 40 1 2 2
Penalty Kill - 3 Players Defense
Defense Defense Time % Phy DF OF
1 Shawn Belle Davis Drewiske 60 1 2 2
2 Kyle Wharton Roman Polak 40 1 2 2
4 vs 4 Forward
Center Wing Time % Phy DF OF
1 Branko Radivojevic Mikael Backlund 60 1 2 2
2 Tyler Brenner Dwight King 40 1 2 2
4 vs 4 Defense
Defense Defense Time % Phy DF OF
1 Shawn Belle Davis Drewiske 60 1 2 2
2 Kyle Wharton Roman Polak 40 1 2 2
Last Minutes Offensive
Center Left Wing Right Wing Defense Defense
Mikael Backlund Dwight King Branko Radivojevic Shawn Belle Davis Drewiske
Last Minutes Defensive
Center Left Wing Right Wing Defense Defense
Mikael Backlund Dwight King Branko Radivojevic Shawn Belle Davis Drewiske
Goaltenders
Starting : Sergei Bobrovsky
Backup : Jeremy Smith
Extra Forwards
Normal : Marc-André Cliche, Andrew Kozek, Brett Sutter - PP : Marc-André Cliche, Andrew Kozek - PK : Brett Sutter
Extra Defensemen
Normal : Colby Cohen, Dmitri Orlov, Kyle Wharton - PP : Colby Cohen - PK : Dmitri Orlov, Kyle Wharton
Penalty Shots
Branko Radivojevic, Mikael Backlund, Tyler Brenner, Dwight King, Ryan Shannon
% Time on Ice - Senators
Lines # - Real PCT - Wanted PCT - Time Play
Normal Forward
1 - 36% - 40% - 17:29
2 - 29% - 30% - 14:14
3 - 22% - 20% - 10:25
4 - 13% - 10% - 6:17
Normal Defense
1 - 39% - 40% - 18:50
2 - 27% - 30% - 13:00
3 - 30% - 20% - 14:35
4 - 4% - 10% - 2:00
PP Forward
1 - 52% - 60% - 2:03
2 - 48% - 40% - 1:55
PP Defense
1 - 56% - 60% - 2:13
2 - 44% - 40% - 1:45
PK Forward
1 - 68% - 60% - 5:11
2 - 32% - 40% - 2:26
PK Defense
1 - 60% - 60% - 4:33
2 - 40% - 40% - 3:04
PK3 Forward
1 - 0% - 60%
2 - 0% - 40%
PK3 Defense
1 - 0% - 60%
2 - 0% - 40%
44 Forward
1 - 0% - 60%
2 - 0% - 40%
44 Defense
1 - 0% - 60%
2 - 0% - 40%
Last Minute Offensive - 0:00
Last Minute Defensive - 0:00
Total
Forward - 60:00
Defense - 60:00
|
% Time on Ice - Atomiques
Lines # - Real PCT - Wanted PCT - Time Play
Normal Forward
1 - 34% - 40% - 16:23
2 - 32% - 30% - 15:44
3 - 21% - 20% - 9:59
4 - 13% - 10% - 6:19
Normal Defense
1 - 39% - 40% - 18:51
2 - 33% - 30% - 15:47
3 - 23% - 20% - 11:10
4 - 5% - 10% - 2:37
PP Forward
1 - 59% - 60% - 4:31
2 - 41% - 40% - 3:06
PP Defense
1 - 57% - 60% - 4:20
2 - 43% - 40% - 3:17
PK Forward
1 - 78% - 60% - 3:06
2 - 22% - 40% - 0:52
PK Defense
1 - 55% - 60% - 2:11
2 - 45% - 40% - 1:47
PK3 Forward
1 - 0% - 60%
2 - 0% - 40%
PK3 Defense
1 - 0% - 60%
2 - 0% - 40%
44 Forward
1 - 0% - 60%
2 - 0% - 40%
44 Defense
1 - 0% - 60%
2 - 0% - 40%
Last Minute Offensive - 0:00
Last Minute Defensive - 0:00
Total
Forward - 60:00
Defense - 60:00
|
Play by Play
1st period
0:01 of 1st period - Mikael Backlund wins face-off versus Cody Hodgson in neutral zone.
0:03 of 1st period - Off-side.
0:04 of 1st period - Mikael Backlund wins face-off versus Cody Hodgson in neutral zone.
0:15 of 1st period - Shawn Belle is hit by Stanislav Chistov and loses puck.
0:34 of 1st period - Snap shot by Tommy Wingels.
0:34 of 1st period - Shot Misses the Net.
0:36 of 1st period - Slapshot by Logan Stephenson.
0:36 of 1st period - Deflect By Tommy Wingels.
0:36 of 1st period - Stopped by Sergei Bobrovsky with a rebound.
0:54 of 1st period - Wrist shot by Tyler Brenner.
0:54 of 1st period - Stopped by Marc Denis without a rebound.
0:55 of 1st period - Tyler Brenner wins face-off versus Mark Olver in Senators zone.
0:56 of 1st period - Slapshot by Ryan Shannon.
0:56 of 1st period - Shot Misses the Net.
1:16 of 1st period - Kyle Wharton is hit by Gabriel Bourque and loses puck.
2:03 of 1st period - Gabriel Bourque is hit by Kenndal McArdle and loses puck.
2:34 of 1st period - Wrist shot by Ryan Shannon.
2:34 of 1st period - Deflect By Kenndal McArdle.
2:34 of 1st period - Stopped by Marc Denis with a rebound.
3:00 of 1st period - Snap shot by Jack Skille.
3:00 of 1st period - Shot Misses the Net.
3:28 of 1st period - Wrist shot by Mark Olver.
3:28 of 1st period - Stopped by Sergei Bobrovsky with a rebound.
4:12 of 1st period - Snap shot by Gabriel Bourque.
4:12 of 1st period - Stopped by Sergei Bobrovsky without a rebound.
4:13 of 1st period - Cody Hodgson wins face-off versus Mikael Backlund in Atomiques zone.
5:17 of 1st period - Mikael Backlund is hit by Jaden Schwartz and loses puck.
6:17 of 1st period - Ryan Hegarty is hit by Brett Sutter and loses puck.
6:28 of 1st period - Davis Drewiske is hit by Ryan Hegarty and loses puck.
12:17 of 1st period - Martin Marincin is hit by Bobby Farnham and loses puck.
12:42 of 1st period - Tyler Brenner is hit by Gabriel Bourque.
15:07 of 1st period - Ryan Hegarty is hit by Bobby Farnham.
15:08 of 1st period - Icing by Ryan Hegarty.
15:09 of 1st period - Brett Sutter wins face-off versus Cody Hodgson in Senators zone.
15:22 of 1st period - Snap shot by Brett Sutter.
15:22 of 1st period - Shot Misses the Net.
15:54 of 1st period - Shawn Belle is hit by Tommy Wingels and loses puck.
16:00 of 1st period - Minor Penalty to Shawn Belle for Slashing.
16:01 of 1st period - Branko Radivojevic wins face-off versus Mark Olver in Atomiques zone.
16:37 of 1st period - Snap shot by Sergei Kostitsyn.
16:37 of 1st period - Stopped by Sergei Bobrovsky with a rebound.
18:00 of 1st period - Penalty to Shawn Belle is over, Shawn Belle is back on ice.
18:00 of 1st period - Mikael Backlund is hit by Gabriel Bourque and loses puck.
18:31 of 1st period - Milan Jurcina is hit by Marc-André Cliche and loses puck.
18:38 of 1st period - Wrist shot by Alex Berry.
18:38 of 1st period - Stopped by Marc Denis with a rebound.
18:40 of 1st period - Wrist shot by Marc-André Cliche.
18:40 of 1st period - Deflect By Logan Stephenson.
18:40 of 1st period - Shot Blocked by Jaden Schwartz.
18:40 of 1st period - Puck is out of play.
18:41 of 1st period - Marc-André Cliche wins face-off versus Nick Bjugstad in Senators zone.
18:48 of 1st period - Snap shot by Andrew Kozek.
18:48 of 1st period - Shot Blocked by Nicolas Deslauriers.
18:48 of 1st period - Nicolas Deslauriers from Senators is injured at 18:48 of 1st period (Sprained Right Ankle).
18:49 of 1st period - Mikael Backlund wins face-off versus Cody Hodgson in Senators zone.
18:50 of 1st period - Snap shot by Dwight King.
18:50 of 1st period - Shot Misses the Net.
18:52 of 1st period - Wrist shot by Mikael Backlund.
18:52 of 1st period - Shot Misses the Net.
18:54 of 1st period - Wrist shot by Dwight King.
18:54 of 1st period - Shot Misses the Net.
18:56 of 1st period - Wrist shot by Mikael Backlund.
18:56 of 1st period - Stopped by Marc Denis without a rebound.
18:57 of 1st period - Cody Hodgson wins face-off versus Mikael Backlund in Senators zone.
18:57 of 1st period - Cody Hodgson is hit by Dwight King.
19:46 of 1st period - Tommy Wingels is hit by Marc-André Cliche and loses puck.
Goals for this period are 0 for Senators vs 0 for Atomiques.
Shots for this period are 4 for Senators vs 4 for Atomiques.
2nd period
0:01 of 2nd period - Mikael Backlund wins face-off versus Stanislav Chistov in neutral zone.
0:06 of 2nd period - Wrist shot by Branko Radivojevic.
0:06 of 2nd period - Shot Misses the Net.
1:14 of 2nd period - Snap shot by Mikael Backlund.
1:14 of 2nd period - Deflect By Dwight King.
1:14 of 2nd period - Stopped by Marc Denis without a rebound.
1:15 of 2nd period - Cody Hodgson wins face-off versus Dwight King in Senators zone.
1:26 of 2nd period - Icing by Sergei Kostitsyn.
1:27 of 2nd period - Cody Hodgson wins face-off versus Mikael Backlund in Senators zone.
1:32 of 2nd period - Wrist shot by Sergei Kostitsyn.
1:32 of 2nd period - Stopped by Sergei Bobrovsky without a rebound.
1:33 of 2nd period - Mikael Backlund wins face-off versus Cody Hodgson in Atomiques zone.
1:35 of 2nd period - Icing by Branko Radivojevic.
1:36 of 2nd period - Cody Hodgson wins face-off versus Mikael Backlund in Atomiques zone.
1:37 of 2nd period - Slapshot by Stanislav Chistov.
1:37 of 2nd period - Shot Blocked by Branko Radivojevic.
1:39 of 2nd period - Wrist shot by Cody Hodgson.
1:39 of 2nd period - Shot Misses the Net.
1:41 of 2nd period - Snap shot by Stanislav Chistov.
1:41 of 2nd period - Stopped by Sergei Bobrovsky without a rebound.
1:42 of 2nd period - Dwight King wins face-off versus Cody Hodgson in Atomiques zone.
1:57 of 2nd period - Slapshot by Shawn Belle.
1:57 of 2nd period - Stopped by Marc Denis without a rebound.
1:58 of 2nd period - Mark Olver wins face-off versus Tyler Brenner in Senators zone.
2:13 of 2nd period - Milan Jurcina is hit by Kenndal McArdle and loses puck.
2:30 of 2nd period - Snap shot by Sergei Kostitsyn.
2:30 of 2nd period - Stopped by Sergei Bobrovsky without a rebound.
2:31 of 2nd period - Cody Hodgson wins face-off versus Mikael Backlund in Atomiques zone.
2:32 of 2nd period - Wrist shot by Stanislav Chistov.
2:32 of 2nd period - Stopped by Sergei Bobrovsky without a rebound.
2:33 of 2nd period - Cody Hodgson wins face-off versus Mikael Backlund in Atomiques zone.
2:36 of 2nd period - Wrist shot by Stanislav Chistov.
2:36 of 2nd period - Stopped by Sergei Bobrovsky with a rebound.
2:38 of 2nd period - Wrist shot by Stanislav Chistov.
2:38 of 2nd period - Deflect By Cody Hodgson.
2:38 of 2nd period - Shot Misses the Net.
2:38 of 2nd period - Puck is out of play.
2:39 of 2nd period - Mikael Backlund wins face-off versus Cody Hodgson in Atomiques zone.
2:50 of 2nd period - Snap shot by Mikael Backlund.
2:50 of 2nd period - Shot Misses the Net.
3:26 of 2nd period - Martin Marincin is hit by Brett Sutter and loses puck.
3:39 of 2nd period - Slapshot by Davis Drewiske.
3:39 of 2nd period - Stopped by Marc Denis without a rebound.
3:40 of 2nd period - Mark Olver wins face-off versus Branko Radivojevic in Senators zone.
4:05 of 2nd period - Milan Jurcina is hit by Marc-André Cliche and loses puck.
4:14 of 2nd period - Slapshot by Marc-André Cliche.
4:14 of 2nd period - Shot Misses the Net.
4:16 of 2nd period - Slapshot by Dmitri Orlov.
4:16 of 2nd period - Deflect By Andrew Kozek.
4:16 of 2nd period - Stopped by Marc Denis with a rebound.
4:18 of 2nd period - Slapshot by Colby Cohen.
4:18 of 2nd period - Stopped by Marc Denis without a rebound.
4:19 of 2nd period - Mikael Backlund wins face-off versus Tommy Wingels in Senators zone.
4:36 of 2nd period - Tommy Wingels is hit by Mikael Backlund and loses puck.
4:49 of 2nd period - Slapshot by Marc-André Cliche.
4:49 of 2nd period - Stopped by Marc Denis with a rebound.
5:07 of 2nd period - Icing by Matt Frattin.
5:08 of 2nd period - Ryan Shannon wins face-off versus Cody Hodgson in Senators zone.
5:15 of 2nd period - Snap shot by Tyler Brenner.
5:15 of 2nd period - Shot Misses the Net.
5:17 of 2nd period - Snap shot by Kenndal McArdle.
5:17 of 2nd period - Shot Misses the Net.
5:19 of 2nd period - Wrist shot by Tyler Brenner.
5:19 of 2nd period - Deflect By Cody Hodgson.
5:19 of 2nd period - Goal by Tyler Brenner - Senators : 0 - Atomiques : 1.
5:20 of 2nd period - Mikael Backlund wins face-off versus Cody Hodgson in neutral zone.
6:08 of 2nd period - Slapshot by Brett Sutter.
6:08 of 2nd period - Goal by Brett Sutter - Senators : 0 - Atomiques : 2.
6:09 of 2nd period - Cody Hodgson wins face-off versus Mikael Backlund in neutral zone.
7:19 of 2nd period - Off-side.
7:20 of 2nd period - Mikael Backlund wins face-off versus Nick Bjugstad in neutral zone.
7:23 of 2nd period - Slapshot by Dwight King.
7:23 of 2nd period - Stopped by Marc Denis with a rebound.
7:29 of 2nd period - Slapshot by Patrick Wey.
7:29 of 2nd period - Shot Misses the Net.
7:36 of 2nd period - Minor Penalty to Ryan Dzingel for Hooking.
7:37 of 2nd period - Sergei Kostitsyn wins face-off versus Mikael Backlund in Senators zone.
8:07 of 2nd period - Wrist shot by Tyler Brenner.
8:07 of 2nd period - Shot Misses the Net.
8:09 of 2nd period - Snap shot by Ryan Shannon.
8:09 of 2nd period - Stopped by Marc Denis without a rebound.
8:10 of 2nd period - Sergei Kostitsyn wins face-off versus Tyler Brenner in Senators zone.
8:23 of 2nd period - Wrist shot by Tyler Brenner.
8:23 of 2nd period - Deflect By Ryan Shannon.
8:23 of 2nd period - Shot Misses the Net.
8:23 of 2nd period - Puck is out of play.
8:24 of 2nd period - Sergei Kostitsyn wins face-off versus Dwight King in Senators zone.
8:24 of 2nd period - Sergei Kostitsyn is hit by Shawn Belle.
8:41 of 2nd period - Icing by Shawn Belle.
8:42 of 2nd period - Stanislav Chistov wins face-off versus Mikael Backlund in Atomiques zone.
8:49 of 2nd period - Dwight King is hit by Stanislav Chistov and loses puck.
9:12 of 2nd period - Snap shot by Mikael Backlund.
9:12 of 2nd period - Shot Misses the Net.
9:14 of 2nd period - Snap shot by Shawn Belle.
9:14 of 2nd period - Stopped by Marc Denis with a rebound.
9:16 of 2nd period - Snap shot by Mikael Backlund.
9:16 of 2nd period - Goal by Mikael Backlund - Senators : 0 - Atomiques : 3.
9:17 of 2nd period - Tyler Brenner wins face-off versus Stanislav Chistov in neutral zone.
9:49 of 2nd period - Branko Radivojevic is hit by Gabriel Bourque and loses puck.
9:59 of 2nd period - Icing by Mark Olver.
10:00 of 2nd period - Tommy Wingels wins face-off versus Marc-André Cliche in Senators zone.
10:05 of 2nd period - Slapshot by Patrick Wey.
10:05 of 2nd period - Shot Blocked by Kyle Wharton.
10:54 of 2nd period - Wrist shot by Mark Olver.
10:54 of 2nd period - Shot Blocked by Shawn Belle.
11:08 of 2nd period - Milan Jurcina is hit by Brett Sutter and loses puck.
11:33 of 2nd period - Wrist shot by Marc-André Cliche.
11:33 of 2nd period - Stopped by Marc Denis without a rebound.
11:34 of 2nd period - Mikael Backlund wins face-off versus Cody Hodgson in Senators zone.
11:37 of 2nd period - Backhand shot by Mikael Backlund.
11:37 of 2nd period - Shot Misses the Net.
11:59 of 2nd period - Kyle Wharton is hit by Gabriel Bourque and loses puck.
12:27 of 2nd period - Wrist shot by Matt Frattin.
12:27 of 2nd period - Shot Misses the Net.
12:29 of 2nd period - Snap shot by Jaden Schwartz.
12:29 of 2nd period - Shot Misses the Net.
13:03 of 2nd period - Snap shot by Sergei Kostitsyn.
13:03 of 2nd period - Stopped by Sergei Bobrovsky without a rebound.
13:04 of 2nd period - Tyler Brenner wins face-off versus Cody Hodgson in Atomiques zone.
13:11 of 2nd period - Davis Drewiske is hit by Stanislav Chistov and loses puck.
13:16 of 2nd period - Wrist shot by Cody Hodgson.
13:16 of 2nd period - Stopped by Sergei Bobrovsky with a rebound.
14:04 of 2nd period - Slapshot by Patrick Wey.
14:04 of 2nd period - Shot Misses the Net.
14:29 of 2nd period - Backhand shot by Cody Hodgson.
14:29 of 2nd period - Shot Blocked by Kenndal McArdle.
14:37 of 2nd period - Slapshot by Tyler Brenner.
14:37 of 2nd period - Shot Misses the Net.
14:39 of 2nd period - Slapshot by Roman Polak.
14:39 of 2nd period - Stopped by Marc Denis with a rebound.
14:41 of 2nd period - Wrist shot by Kenndal McArdle.
14:41 of 2nd period - Shot Blocked by Patrick Wey.
14:43 of 2nd period - Slapshot by Roman Polak.
14:43 of 2nd period - Shot Blocked by Sergei Kostitsyn.
14:45 of 2nd period - Slapshot by Roman Polak.
14:45 of 2nd period - Shot Blocked by Sergei Kostitsyn.
14:47 of 2nd period - Snap shot by Tyler Brenner.
14:47 of 2nd period - Stopped by Marc Denis with a rebound.
15:17 of 2nd period - Wrist shot by Ryan Shannon.
15:17 of 2nd period - Shot Misses the Net.
15:19 of 2nd period - Snap shot by Tyler Brenner.
15:19 of 2nd period - Stopped by Marc Denis with a rebound.
15:29 of 2nd period - Slapshot by Ryan Shannon.
15:29 of 2nd period - Stopped by Marc Denis with a rebound.
15:31 of 2nd period - Snap shot by Kenndal McArdle.
15:31 of 2nd period - Shot Blocked by Sergei Kostitsyn.
15:48 of 2nd period - Slapshot by Milan Jurcina.
15:48 of 2nd period - Stopped by Sergei Bobrovsky without a rebound.
15:49 of 2nd period - Mikael Backlund wins face-off versus Mark Olver in Atomiques zone.
15:54 of 2nd period - Wrist shot by Dwight King.
15:54 of 2nd period - Shot Misses the Net.
16:00 of 2nd period - Slapshot by Logan Stephenson.
16:00 of 2nd period - Shot Blocked by Mikael Backlund.
16:02 of 2nd period - Backhand shot by Jack Skille.
16:02 of 2nd period - Stopped by Sergei Bobrovsky without a rebound.
16:03 of 2nd period - Mark Olver wins face-off versus Mikael Backlund in Atomiques zone.
16:28 of 2nd period - Marc-André Cliche is hit by Tommy Wingels and loses puck.
16:43 of 2nd period - Dmitri Orlov is hit by Tommy Wingels and loses puck.
17:28 of 2nd period - Colby Cohen is hit by Mark Olver and loses puck.
19:48 of 2nd period - Jaden Schwartz is hit by Brett Sutter and loses puck.
Goals for this period are 0 for Senators vs 3 for Atomiques.
Shots for this period are 9 for Senators vs 17 for Atomiques.
3rd period
0:01 of 3rd period - Cody Hodgson wins face-off versus Mikael Backlund in neutral zone.
0:10 of 3rd period - Dwight King is hit by Logan Stephenson and loses puck.
0:48 of 3rd period - Wrist shot by John McCarthy.
0:48 of 3rd period - Stopped by Marc Denis with a rebound.
0:50 of 3rd period - Snap shot by Dmitri Orlov.
0:50 of 3rd period - Shot Misses the Net.
1:30 of 3rd period - Snap shot by Mikael Backlund.
1:30 of 3rd period - Shot Blocked by Milan Jurcina.
1:32 of 3rd period - Slapshot by Shawn Belle.
1:32 of 3rd period - Stopped by Marc Denis without a rebound.
1:33 of 3rd period - Tommy Wingels wins face-off versus Mikael Backlund in Senators zone.
1:37 of 3rd period - Off-side.
1:38 of 3rd period - Cody Hodgson wins face-off versus Mikael Backlund in neutral zone.
1:41 of 3rd period - Wrist shot by Stanislav Chistov.
1:41 of 3rd period - Shot Hit the Post.
2:05 of 3rd period - Wrist shot by Gabriel Bourque.
2:05 of 3rd period - Stopped by Sergei Bobrovsky with a rebound.
2:07 of 3rd period - Slapshot by Mark Olver.
2:07 of 3rd period - Stopped by Sergei Bobrovsky with a rebound.
2:09 of 3rd period - Snap shot by Martin Marincin.
2:09 of 3rd period - Stopped by Sergei Bobrovsky without a rebound.
2:10 of 3rd period - Mark Olver wins face-off versus Tyler Brenner in Atomiques zone.
2:27 of 3rd period - Wrist shot by Mark Olver.
2:27 of 3rd period - Stopped by Sergei Bobrovsky with a rebound.
2:29 of 3rd period - Slapshot by Milan Jurcina.
2:29 of 3rd period - Shot Blocked by Kenndal McArdle.
2:31 of 3rd period - Slapshot by Logan Stephenson.
2:31 of 3rd period - Stopped by Sergei Bobrovsky with a rebound.
2:43 of 3rd period - Snap shot by Ryan Shannon.
2:43 of 3rd period - Shot Blocked by Logan Stephenson.
2:45 of 3rd period - Minor Penalty to Ryan Hegarty for Roughing.
2:46 of 3rd period - Mikael Backlund wins face-off versus Sergei Kostitsyn in Senators zone.
4:05 of 3rd period - Logan Stephenson is hit by Dwight King and loses puck.
4:22 of 3rd period - Matt Frattin is hit by Ryan Shannon and loses puck.
4:45 of 3rd period - Penalty to Ryan Hegarty is over, Ryan Hegarty is back on ice.
4:55 of 3rd period - Slapshot by Jaden Schwartz.
4:55 of 3rd period - Goal by Jaden Schwartz - Senators : 1 - Atomiques : 3.
4:56 of 3rd period - Mark Olver wins face-off versus Marc-André Cliche in neutral zone.
5:03 of 3rd period - Snap shot by Gabriel Bourque.
5:03 of 3rd period - Shot Blocked by Davis Drewiske.
5:06 of 3rd period - Icing by Shawn Belle.
5:07 of 3rd period - Marc-André Cliche wins face-off versus Cody Hodgson in Atomiques zone.
5:12 of 3rd period - Snap shot by Alex Berry.
5:12 of 3rd period - Goal by Alex Berry - Senators : 1 - Atomiques : 4.
5:13 of 3rd period - Cody Hodgson wins face-off versus Mikael Backlund in neutral zone.
5:29 of 3rd period - Slapshot by Branko Radivojevic.
5:29 of 3rd period - Stopped by Marc Denis with a rebound.
5:39 of 3rd period - Snap shot by Alex Berry.
5:39 of 3rd period - Stopped by Marc Denis with a rebound.
5:41 of 3rd period - Snap shot by Kyle Wharton.
5:41 of 3rd period - Deflect By Marc-André Cliche.
5:41 of 3rd period - Shot Blocked by Milan Jurcina.
5:41 of 3rd period - Puck is out of play.
5:42 of 3rd period - Mark Olver wins face-off versus Marc-André Cliche in Senators zone.
5:42 of 3rd period - Mark Olver is hit by Alex Berry.
6:10 of 3rd period - Snap shot by Alex Berry.
6:10 of 3rd period - Goal by Alex Berry - Senators : 1 - Atomiques : 5.
6:11 of 3rd period - Mikael Backlund wins face-off versus Cody Hodgson in neutral zone.
6:15 of 3rd period - Minor Penalty to Logan Stephenson for High sticking.
6:16 of 3rd period - Branko Radivojevic wins face-off versus Sergei Kostitsyn in Senators zone.
7:38 of 3rd period - Icing by Kenndal McArdle.
7:39 of 3rd period - Tyler Brenner wins face-off versus Sergei Kostitsyn in Atomiques zone.
7:49 of 3rd period - Off-side.
7:50 of 3rd period - Stanislav Chistov wins face-off versus Mikael Backlund in neutral zone.
8:15 of 3rd period - Penalty to Logan Stephenson is over, Logan Stephenson is back on ice.
9:01 of 3rd period - Wrist shot by Dwight King.
9:01 of 3rd period - Stopped by Marc Denis without a rebound.
9:02 of 3rd period - Tyler Brenner wins face-off versus Mark Olver in Senators zone.
9:03 of 3rd period - Snap shot by Kenndal McArdle.
9:03 of 3rd period - Shot Blocked by Jack Skille.
9:11 of 3rd period - Dmitri Orlov is hit by Jack Skille and loses puck.
9:16 of 3rd period - Snap shot by Jack Skille.
9:16 of 3rd period - Stopped by Sergei Bobrovsky without a rebound.
9:17 of 3rd period - Tommy Wingels wins face-off versus Marc-André Cliche in Atomiques zone.
9:20 of 3rd period - Snap shot by Matt Frattin.
9:20 of 3rd period - Shot Misses the Net.
9:48 of 3rd period - Slapshot by Gabriel Bourque.
9:48 of 3rd period - Goal by Gabriel Bourque - Senators : 2 - Atomiques : 5.
9:49 of 3rd period - Mikael Backlund wins face-off versus Cody Hodgson in neutral zone.
10:00 of 3rd period - Snap shot by Mikael Backlund.
10:00 of 3rd period - Stopped by Marc Denis with a rebound.
10:02 of 3rd period - Slapshot by Davis Drewiske.
10:02 of 3rd period - Stopped by Marc Denis with a rebound.
10:45 of 3rd period - Snap shot by Jaden Schwartz.
10:45 of 3rd period - Stopped by Sergei Bobrovsky without a rebound.
10:46 of 3rd period - Mikael Backlund wins face-off versus Cody Hodgson in Atomiques zone.
11:01 of 3rd period - Snap shot by Sergei Kostitsyn.
11:01 of 3rd period - Deflect By Cody Hodgson.
11:01 of 3rd period - Stopped by Sergei Bobrovsky without a rebound.
11:02 of 3rd period - Mark Olver wins face-off versus Tyler Brenner in Atomiques zone.
11:11 of 3rd period - Snap shot by Gabriel Bourque.
11:11 of 3rd period - Stopped by Sergei Bobrovsky with a rebound.
11:13 of 3rd period - Snap shot by Jack Skille.
11:13 of 3rd period - Goal by Jack Skille - Senators : 3 - Atomiques : 5.
11:14 of 3rd period - Cody Hodgson wins face-off versus Mikael Backlund in neutral zone.
11:35 of 3rd period - Minor Penalty to Dwight King for Cross-checking.
11:36 of 3rd period - Branko Radivojevic wins face-off versus Cody Hodgson in Atomiques zone.
12:01 of 3rd period - Mikael Backlund is hit by Mark Olver.
13:35 of 3rd period - Penalty to Dwight King is over, Dwight King is back on ice.
13:45 of 3rd period - Slapshot by Mikael Backlund.
13:45 of 3rd period - Shot Misses the Net.
14:25 of 3rd period - Snap shot by Dwight King.
14:25 of 3rd period - Stopped by Marc Denis with a rebound.
14:27 of 3rd period - Snap shot by Colby Cohen.
14:27 of 3rd period - Shot Misses the Net.
14:29 of 3rd period - Slapshot by Dwight King.
14:29 of 3rd period - Shot Misses the Net.
14:31 of 3rd period - Slapshot by Mikael Backlund.
14:31 of 3rd period - Shot Blocked by Milan Jurcina.
14:33 of 3rd period - Slapshot by Colby Cohen.
14:33 of 3rd period - Shot Hit the Post.
14:35 of 3rd period - Slapshot by Brett Sutter.
14:35 of 3rd period - Shot Misses the Net.
14:39 of 3rd period - Wrist shot by Dwight King.
14:39 of 3rd period - Deflect By Brett Sutter.
14:39 of 3rd period - Stopped by Marc Denis without a rebound.
14:40 of 3rd period - Mark Olver wins face-off versus Tyler Brenner in Senators zone.
14:45 of 3rd period - Wrist shot by Gabriel Bourque.
14:45 of 3rd period - Stopped by Sergei Bobrovsky with a rebound.
14:55 of 3rd period - Wrist shot by Ryan Shannon.
14:55 of 3rd period - Stopped by Marc Denis with a rebound.
15:38 of 3rd period - Wrist shot by Nick Bjugstad.
15:38 of 3rd period - Shot Misses the Net.
17:15 of 3rd period - Snap shot by Nick Bjugstad.
17:15 of 3rd period - Shot Blocked by Colby Cohen.
17:55 of 3rd period - Minor Penalty to Jack Skille for Hooking.
17:56 of 3rd period - Mikael Backlund wins face-off versus Cody Hodgson in Senators zone.
17:57 of 3rd period - Snap shot by Branko Radivojevic.
17:57 of 3rd period - Stopped by Marc Denis without a rebound.
17:58 of 3rd period - Sergei Kostitsyn wins face-off versus Mikael Backlund in Senators zone.
18:46 of 3rd period - Logan Stephenson is hit by Dwight King and loses puck.
19:55 of 3rd period - Penalty to Jack Skille is over, Jack Skille is back on ice.
Goals for this period are 3 for Senators vs 2 for Atomiques.
Shots for this period are 13 for Senators vs 13 for Atomiques.
Back to the Top